 Dungeon Crawl Stone Soup version 0.31-a0-360-gb3e1d13bf4 (webtiles) character file.

Game seed: 6989058125305751345

1249 CraigForest the Ruffian (level 8, -5/50 HPs)
             Began as a Formicid Shapeshifter on July 26, 2023.
             Was a Follower of Hepliaklqana.
             Slain by an orc warrior
             ... wielding a +0 scimitar
              (9 damage)
             ... on level 5 of the Dungeon.
             The game lasted 00:22:00 (4709 turns).

CraigForest the Ruffian (Formicid Shapeshifter)     Turns: 4709, Time: 00:22:00

Health: -5/50      AC: 11    Str: 22    XL:     8   Next: 80%
Magic:  0/8        EV:  6    Int:  8    God:    Hepliaklqana [*.....]
Gold:   320        SH: 10    Dex: 14    Spells: 7/7 levels left

rFire   . .          .
                       - Unarmed
rCold   . . .        p - +0 kite shield
rNeg    . . .        y - +0 plate armour
rPois   .            (helmet unavailable)
rElec   .            (cloak currently unavailable)
rCorr   .            (gloves currently unavailable)
SInv    +            (boots currently unavailable)
Will    +....        k - amulet of guardian spirit Stlth
                     g - ring of willpower
HPRegen 0.28/turn    r - ring of flight
MPRegen 0.11/turn

%: guardian spirit
@: beast-form, flying
A: beast (slay +3), reduced essence, permanent stasis, dig shafts and tunnels,
antennae 3, four strong arms
a: Dig, Shaft Self, Begin Untransformation, Renounce Religion, Recall Ancestor,
Ancestor Identity


You were on level 5 of the Dungeon.
You worshipped Hepliaklqana.
Hepliaklqana was aware of your devotion.
You were a hulking beast.
You visited 1 branch of the dungeon, and saw 6 of its levels.

You collected 320 gold pieces.

Inventory:

Hand Weapons
 w - a +0 hand axe
 x - a +1 heavy hand axe
Armour
 h - a +0 pair of gloves
 j - a +0 chain mail
 p - a +0 kite shield (worn)
 y - a +0 plate armour (worn)
Jewellery
 g - a ring of willpower (left hand)
 k - an amulet of guardian spirit (around neck)
 m - an amulet of magic regeneration
 r - a ring of flight (right hand)
 t - an amulet of faith
Talismans
 a - a maw talisman
 c - a beast talisman
Wands
 u - a wand of polymorph (11)
Scrolls
 d - a scroll of vulnerability {unknown}
 l - 2 scrolls of identify {unknown}
 n - 2 scrolls of blinking {unknown}
 q - a scroll of acquirement {unknown}
 s - a scroll of fog {unknown}
Potions
 b - a potion of invisibility {unknown}
 e - a potion of degeneration {unknown}
 f - 2 potions of curing {unknown}
 i - a potion of mutation {unknown}
 o - 3 potions of heal wounds {unknown}
 z - a potion of haste {unknown}


   Skills:
 + Level 2.0 Fighting
 + Level 3.3 Armour
 + Level 2.7 Dodging
 - Level 1.0 Stealth
 * Level 5.9 Shields
 + Level 6.4 Unarmed Combat
 * Level 5.5 Shapeshifting


You had 7 spell levels left.
You didn't know any spells.
Your spell library contained the following spells:

 Spells                   Type           Power      Damage    Failure   Level
 Apportation              Tloc           0%         N/A       100%        1
 Animate Dead             Necr           0%         N/A       100%        4
 Alistair's Intoxication  Tmut/Pois      0%         N/A       100%        5
 Borgnjor's Vile Clutch   Necr/Erth      0%         N/A       100%        5
 Death Channel            Necr           0%         N/A       100%        6


Dungeon Overview and Level Annotations

Branches:
Dungeon (6/15)
 Temple: D:4-7

Altars:
Ashenzari
Hepliaklqana

Shops:
D:3 (


Innate Abilities, Weirdness & Mutations

You are a hulking beast.
Your limbs bulge with bestial killing power. (Slay +3)
Your life essence is reduced to manifest your ancestor. (-10% HP)
You cannot be hasted, slowed, berserked, paralysed or teleported.
You can dig through walls and to a lower floor.
You have a pair of large antennae on your head. (SInv)
Your four strong arms can wield two-handed weapons with a shield.


Message History

The orc warrior shoots an arrow.
The arrow barely misses you.
Aiming: Throw Flame
Press: ? - help, Q - select action, (/) - cycle Shift-Dir - straight line, f/p - orc warrior
Aim: an orc warrior, wielding a +0 orcbow and wearing a +0 plate armour (moderately wounded, 68% to hit)
The puff of flame misses the orc warrior.
The orc warrior shoots an arrow.
You block the arrow.
Aiming: Throw Flame
Press: ? - help, Q - select action, (/) - cycle Shift-Dir - straight line, f/p - orc warrior
Aim: an orc warrior, wielding a +0 orcbow and wearing a +0 plate armour (moderately wounded, 68% to hit)
The puff of flame hits the orc warrior!
The orc warrior is heavily wounded.
The orc warrior shoots an arrow.
The arrow hits you but does no damage.
Aiming: Throw Flame
Press: ? - help, Q - select action, (/) - cycle Shift-Dir - straight line, f/p - orc warrior
Aim: an orc warrior, wielding a +0 orcbow and wearing a +0 plate armour (heavily wounded, 68% to hit)
The puff of flame misses the orc warrior.
The now-empty wand crumbles to dust.
The orc warrior shoots an arrow.
You block the arrow.
The orc warrior unwields a +0 orcbow.
The orc warrior wields a +0 scimitar.
The orc warrior barely misses you.
There is a stone staircase leading down here.
You barely miss the orc warrior.
The orc warrior is heavily wounded.
The orc warrior hits you with a +0 scimitar.
* * * LOW HITPOINT WARNING * * *
You hit the orc warrior but do no damage.
The orc warrior is heavily wounded.
You hit the orc warrior.
The orc warrior is severely wounded.
The orc warrior hits you with a +0 scimitar!
* * * LOW HITPOINT WARNING * * *
You closely miss the orc warrior.
The orc warrior is severely wounded.
The orc warrior barely misses you.
The orc warrior hits you with a +0 scimitar.
* * * LOW HITPOINT WARNING * * *
You hit the orc warrior but do no damage.
The orc warrior is severely wounded.
The orc warrior hits you with a +0 scimitar!
You die...

......#'###'########...#........#
............)......#...'........#
...........))......###+#........#
...........))............#####...
.........................#...#...
###################......#...#...
#.)...#..#......#...'...
#....<#))'......#...#...
#.....#h.#......#####...
#.....#o.##########.####
#.....'...............#.
##...##..##...........#.
#####...######...........'.
#######........................#>
......#........................#.
......#'########+###...##'######.
.............###..##...##.######.


You could see an orc warrior.

Vanquished Creatures
  A water moccasin (D:6)
  A black bear (D:4)
  2 ogres
  An orc warrior (D:6)
  A centaur (D:5)
  4 scorpions
  A hound (D:5)
  4 orc priests
  A sleepcap (D:4)
  An iguana (D:3)
  Natasha (thrice) (D:3)
  An orc wizard (D:6)
  5 adders
  2 worms (D:3)
  4 dart slugs
  13 orcs
  7 ball pythons
  4 bats
  6 endoplasms
  5 giant cockroaches
  6 goblins
  9 hobgoblins
  6 jackals
  5 quokkas
  3 frilled lizards
  6 kobolds
  7 rats
109 creatures vanquished.

Vanquished Creatures (collateral kills)
  5 orcs
5 creatures vanquished.

Vanquished Creatures (others)
  An ancestor (D:6)
1 creature vanquished.

Grand Total: 115 creatures vanquished

Notes
Turn   | Place    | Note
-------+----------+-------------------------------------------
     0 | D:1      | CraigForest the Formicid Shapeshifter began the quest for
                  | the Orb.
     0 | D:1      | Reached XP level 1. HP: 15/15 MP: 1/1
    68 | D:1      | Reached XP level 2. HP: 18/21 MP: 2/2
   342 | D:1      | Reached XP level 3. HP: 25/26 MP: 3/3
  1219 | D:2      | Reached XP level 4. HP: 32/32 MP: 4/4
  1298 | D:2      | Reached skill level 4 in Unarmed Combat
  1771 | D:3      | Found Icuampo's Antique Weapon Shop.
  1775 | D:3      | Reached skill level 1 in Shields
  1836 | D:3      | Noticed Natasha
  1842 | D:3      | Killed Natasha
  1843 | D:3      | Reached XP level 5. HP: 34/37 MP: 3/5
  2264 | D:3      | Noticed Natasha
  2277 | D:3      | Killed Natasha
  2628 | D:3      | Noticed Natasha
  2638 | D:3      | Killed Natasha
  2639 | D:3      | Reached XP level 6. HP: 35/43 MP: 4/6
  2821 | D:4      | Found a broken altar of Ashenzari.
  2835 | D:4      | Reached skill level 1 in Armour
  2974 | D:4      | Noticed a black bear
  2995 | D:4      | Killed a black bear
  2996 | D:4      | Reached skill level 5 in Unarmed Combat
  2996 | D:4      | Reached XP level 7. HP: 30/48 MP: 5/7
  3108 | D:4      | Found a hazy altar of Hepliaklqana.
  3112 | D:4      | Became a worshipper of Hepliaklqana the Forgotten
  3468 | D:5      | Entered Level 5 of the Dungeon
  3751 | D:5      | Reached * piety under Hepliaklqana
  3766 | D:5      | Reached skill level 5 in Shapeshifting
  3821 | D:5      | Reached XP level 8. HP: 11/49 MP: 2/8
  4620 | D:6      | Reached skill level 5 in Shields
  4636 | D:6      | Reached skill level 1 in Stealth
  4636 | D:6      | Reached skill level 6 in Unarmed Combat
  4709 | D:5      | Slain by an orc warrior

Illustrated notes

Levels and vault maps discovered:
D:1:      elethiomel_arrival_infinity_welcomes_careful_drivers, layout_basic,
          minmay_tree_intersection
D:2:      layout_loops_corners
D:3:      layout_basic, serial_shops, shop, uniq_natasha
D:4:      layout_basic, nzn_hepliaklqana_mist_gate, old_standard_altar,
          st_stairs_12
D:5:      layout_gridville
D:6:      wander_river, layout_cave_pools

Skill      XL: |  1  2  3  4  5  6  7  8 |
---------------+-------------------------+-----
Dodging        | 2 |  2.7
Unarmed Combat | 4 5 6 |  6.4
Shields        | 1 3 4 5 |  5.9
Shapeshifting  | 4 5 |  5.5
Armour         | 1 2 3 |  3.3
Stealth        | 1 |  1.0
Fighting       | 2 |  2.0

Action                     |  1- 3 |  4- 6 |  7- 9 || total
---------------------------+-------+-------+-------++-------
  Melee: Unarmed           |    72 |   163 |   104 ||   339
         Punch             |     2 |       |       ||     2
Ability: Dig               |     2 |     1 |       ||     3
  Evoke: Wand              |       |       |     6 ||     6
    Use: Potion            |       |       |     1 ||     1
   Stab: Sleeping          |     1 |       |       ||     1
         Distracted        |       |       |     2 ||     2
 Armour: Robe              |     5 |       |       ||     5
         Chain mail        |    10 |    67 |    22 ||    99
         Scale mail        |     1 |       |       ||     1
         Skin              |       |       |     8 ||     8
         Plate armour      |       |       |    16 ||    16
  Dodge: Dodged            |    30 |    40 |    37 ||   107
  Block: Kite shield       |     8 |    66 |    60 ||   134

Table legend: (Time is in decaauts)
 A = Elapsed time spent in this place.
 B = Non-inter-level travel time spent in this place.
 C = Inter-level travel time spent in this place.
 D = Time resting spent in this place.
 E = Time spent auto-exploring this place.
 F = Levels seen in this place.
 G = Mean time per level.
                   A        B        C        D        E       F      G
               +--------+--------+--------+--------+--------+-----+--------+
         Total |   4718 |   3903 |    815 |      0 |   2924 |   6 |  786.3 |
       Dungeon |   4718 |   3903 |    815 |      0 |   2924 |   6 |  786.3 |
               +--------+--------+--------+--------+--------+-----+--------+

Top non-repeatable levels by time:
     D:5: 1162 daAuts
     D:3: 1078 daAuts
     D:2: 860 daAuts
     D:1: 858 daAuts
     D:4: 678 daAuts
     D:6: 80 daAuts
